 Dungeon Crawl Stone Soup version 0.28.0 (webtiles) character file.

Game seed: 4727604964568005616

21 GrayStillPlays the Skirmisher (level 3, 0/30 HPs)
             Began as a Djinni Fighter on Feb 7, 2022.
             Slain by Jessica (4 damage)
             ... on level 2 of the Dungeon.
             The game lasted 00:02:47 (795 turns).

GrayStillPlays the Skirmisher (Djinni Fighter)       Turns: 795, Time: 00:02:47

Health: 0/30       AC:  6    Str: 15    XL:     3   Next: 5%
Gold:   5          EV:  8    Int: 11    God:
                   SH:  4    Dex: 12

rFire   + + .      SeeInvis .   a - +0 rapier {short}
rCold   x . .      Faith    .   c - +0 buckler
rNeg    . . .      Spirit   .   b - +0 scale mail
rPois   ∞          Reflect  .   (no helmet)
rElec   .          Harm     .   (no cloak)
rCorr   .          Rampage  .   (no gloves)
Will    .....                   (boots unavailable)
Stlth   ..........              (no amulet)
HPRegen 0.10/turn               (no ring)
MPRegen 0.00/turn               (no ring)

@: flying
A: sickness immunity, fire resistance 2, cold vulnerability 1, float, innate
caster, HP casting, extra vitality 1
a: no special abilities


You were on level 2 of the Dungeon.
You visited 1 branch of the dungeon, and saw 2 of its levels.

You collected 5 gold pieces.


Innate Abilities, Weirdness & Mutations

You are immune to sickness and miasma.
You are immune to poison.
Your flesh is very heat resistant. (rF++)
You are vulnerable to cold. (rC-)
You float through the air rather than walking.
You learn spells naturally, not from books.
Your magical power is your life essence.
You have superior vitality. (+4 MHP)


   Skills:
 + Level 3.2 Fighting
 + Level 2.0 Short Blades
 + Level 3.2 Armour
 + Level 3.2 Shields
 + Level 0.5 Spellcasting


You had 2 spell levels left.
You knew the following spells:

 Your Spells              Type           Power      Damage    Failure   Level
a - Magic Dart            Conj           4%         1d3       80%         1
Your spell library was empty.

Inventory:

Hand Weapons
 a - a +0 rapier (weapon) {short}
Missiles
 e - 5 boomerangs of dispersal (quivered) {=f!fthrowing}
 f - 26 stones {throwing}
 k - 6 poisoned darts {throwing}
Armour
 b - a +0 scale mail (worn)
 c - a +0 buckler (worn)
Scrolls
 h - a scroll of teleportation {unknown}
 i - a scroll of blinking {unknown}
 j - a scroll of identify {unknown}
 m - a scroll of fog {unknown}
Potions
 d - a potion of might
 g - a potion of attraction {unknown}
 l - a potion of lignification {unknown}

Dungeon Overview and Level Annotations

Branches:
Dungeon (2/15)

Altars:

Annotations:
D:2 Jessica

#.<.....#...######.#..
#.#####.##.## #.
#.##.# .. #.##.# ###
#.##.## ##...#.##
.#.#######.#.###.##
.......)....## ##@#
....###.##.#.###@## #
#.###...#.## #.#
##.#.## #.# #.### #.#
#.# ... #.# ... ..#
#.. ###


You could see Jessica (fast).


Message History

You are frozen!
You feel a terrible chill!
* * * LOW HITPOINT WARNING * * *
😨 HP[-7]
You take 7 damage, and now have 8/25 hp.
MASSIVE DAMAGE!! (PAUSE)
You puncture the endoplasm!
You kill the endoplasm!
There is a stone staircase leading down here.
k - 6 poisoned darts {throwing} 😎 HP[+17]
Your hp is fully restored (25).
You now have 5 gold pieces.
l - a fuming red potion A kobold comes into view.
It is wielding a +0 club.
A kobold is nearby!
You hit the kobold. You block the kobold's attack.
You closely miss the kobold. The kobold hits you but does no damage.
You block the kobold's attack.
You puncture the kobold!
You kill the kobold!
No target in view!
No target in view!
You see here a +0 club {mace}.
Done exploring.
Done exploring.
No target in view!
There is a stone staircase leading down here.
You fly downwards.
There is a stone staircase leading up here.
m - a scroll labelled QAXAJ LUAZO A kobold comes into view.
It is wielding a +0 short sword.
The kobold shouts!
A kobold is nearby!
You hit the kobold.
You kill the kobold!
You have reached level 3!
Your experience leads to an increase in your attributes!
Increase (S)trength, (I)ntelligence, or (D)exterity?
You feel clever. x2
The power to cast Magic Dart wells up from within.
Spell assigned to 'a'. 😎 HP[+5]
You now have 30 max hp (+5).
Your hp is fully restored (30).
You see here a +0 short sword {short}.
A quokka comes into view.
Casting: Magic Dart (safe; 80% risk of failure)
Confirm with . or Enter, or press ? or * to list all spells.
Okay, then.
A quokka is nearby!
The quokka closely misses you. You block the quokka's attack.
You completely miss the quokka. The quokka bites you. 😕 HP[-4]
You take 4 damage, and now have 26/30 hp.
You closely miss the quokka. The quokka bites you. 😕 HP[-2]
You take 2 damage, and now have 24/30 hp.
You barely miss the quokka. The quokka bites you.
The quokka barely misses you. 😮 HP[-4]
You take 4 damage, and now have 20/30 hp.
You are too injured to fight recklessly!
You are too injured to fight recklessly!
You are too injured to fight recklessly!
You are too injured to fight recklessly!
You hit the quokka. The quokka barely misses you.
You barely miss the quokka. The quokka barely misses you.
You barely miss the quokka.
The quokka bites you but does no damage.
The quokka bites you. 😮 HP[-2]
You take 2 damage, and now have 18/30 hp.
You hit the quokka but do no damage. The quokka closely misses you.
You puncture the quokka!
You kill the quokka!
Jessica the Apprentice Sorceress comes into view.
She is wielding a +0 club.
Jessica shouts!
Jessica points at you and mumbles some strange words.
You resist with some effort. 😮 HP[+1] 😮 HP[+1]
You start resting.
Jessica is nearby!
Jessica is nearby!
Jessica is nearby!
Jessica gestures at you while chanting. Pain shoots through your body!
* * * LOW HITPOINT WARNING * * *
😨 HP[-12]
You take 12 damage, and now have 8/30 hp.
MASSIVE DAMAGE!! (PAUSE) Jessica mumbles some strange words.
Jessica seems to speed up. 😨 HP[+1]
You hit Jessica. Jessica hits you with a +0 club.
* * * LOW HITPOINT WARNING * * *
😱 HP[-5]
You take 5 damage, and now have 4/30 hp.
You barely miss Jessica. Jessica hits you but does no damage.
Jessica hits you with a +0 club.
You die...

Skill      XL: |  1  2 |
---------------+-------+-----
Short Blades   | 2 |  2.0
Fighting       | |  3.2
Armour         | |  3.2
Shields        | |  3.2
Spellcasting   | |  0.5

Action                   || total
-------------------------++-------
Melee: Rapier            ||    70
Armor: Scale mail        ||    27
Dodge: Dodged            ||    21
Block: Buckler           ||    18

Levels and vault maps discovered:
D:1:      amcnicky_arrival_feature_with_door, layout_rooms
D:2:      layout_loops_ring, shapermc_ecumenical_altar_starsandcircs,
          uniq_jessica

Notes
Turn   | Place    | Note
-------+----------+-------------------------------------------
     0 | D:1      | GrayStillPlays the Djinni Fighter began the quest for the
                  | Orb.
     0 | D:1      | Reached XP level 1. HP: 20/20 MP: 0/0
     0 | D:1      | magus.rc [v1.9.6]
    88 | D:1      | Reached XP level 2. HP: 21/25 MP: 0/0
   232 | D:1      | Reached skill level 2 in Short Blades
   743 | D:2      | Reached XP level 3. HP: 30/30 MP: 0/0
   743 | D:2      | Learned a level 1 spell: Magic Dart
   773 | D:2      | Noticed Jessica
   794 | D:2      | HP: 4/30 [Jessica (5)]
   795 | D:2      | Slain by Jessica

Vanquished Creatures
  2 ball pythons (D:1)
  2 bats (D:1)
  An endoplasm (D:1)
  2 giant cockroaches (D:1)
  A goblin (D:1)
  A hobgoblin (D:1)
  2 jackals (D:1)
  A quokka (D:2)
  4 kobolds
  3 rats (D:1)
19 creatures vanquished.

Table legend:
 A = Non-vault XP
 B = Vault XP
 C = Vault XP percentage of total XP
 D = Non-vault monster count
 E = Vault monster count
 F = Vault count percentage of total count
                 A         B        C        D         E       F
            +---------+---------+-------+---------+---------+-------
      Total |      31 |       0 |   0.0 |      19 |       0 |   0.0
            +---------+---------+-------+---------+---------+-------
        D:1 |      27 |       0 |   0.0 |      17 |       0 |   0.0
        D:2 |       4 |       0 |   0.0 |       2 |       0 |   0.0
            +---------+---------+-------+---------+---------+-------

Illustrated notes

Table legend:
 A = Kills in this place as a percentage of kills in entire the game.
 B = Kills by you in this place as a percentage of kills by you in the entire game.
 C = Kills by friends in this place as a percentage of kills by friends in the entire game.
 D = Other kills in this place as a percentage of other kills in the entire game.
 E = Experience gained in this place as a percentage of experience gained in the entire game.
 F = Experience gained in this place divided by the number of levels of this place that you have seen.
                   A       B       C       D       E      F
               +-------+-------+-------+-------+-------+----------------------
         Total | 100.0 | 100.0 |   N/A |   N/A | 100.0 |  15.5
       Dungeon | 100.0 | 100.0 |   N/A |   N/A | 100.0 |  15.5
               +-------+-------+-------+-------+-------+----------------------

Table legend: (Time is in decaauts)
 A = Elapsed time spent in this place.
 B = Non-inter-level travel time spent in this place.
 C = Inter-level travel time spent in this place.
 D = Time resting spent in this place.
 E = Time spent auto-exploring this place.
 F = Levels seen in this place.
 G = Mean time per level.
                   A        B        C        D        E       F      G
               +--------+--------+--------+--------+--------+-----+--------+
         Total |    805 |    783 |     22 |      5 |    594 |   2 |  402.5 |
       Dungeon |    805 |    783 |     22 |      5 |    594 |   2 |  402.5 |
               +--------+--------+--------+--------+--------+-----+--------+

Top non-repeatable levels by time:
     D:1: 733 daAuts
     D:2: 71 daAuts
